 Dungeon Crawl Stone Soup version 0.31-a0-1469-gd420192249 (webtiles) character file.

Game seed: 12614218903412899795

79 BigPumpCobain the Ruffian (level 4, 0/42 HPs)
             Began as a Troll Shapeshifter on Dec 28, 2023.
             Slain by a worm (4 damage)
             ... on level 2 of the Dungeon.
             The game lasted 00:01:24 (1219 turns).

BigPumpCobain the Ruffian (Troll Shapeshifter)      Turns: 1219, Time: 00:01:25

Health: 0/42       AC:  4    Str: 30    XL:     4   Next: 16%
Magic:  3/3        EV:  9    Int:  6    God:
Gold:   68         SH:  0    Dex:  9    Spells: 3/3 levels left

rFire   . .          .
                       - Unarmed
rCold   . . .        (no shield)
rNeg    . . .        a - +0 animal skin
rPois   .            (helmet currently unavailable)
rElec   .            (cloak currently unavailable)
rCorr   .            (gloves unavailable)
SInv    .            (boots unavailable)
Will    .....        (no amulet)
Stlth   +            e - +6 ring of strength
HPRegen 1.07/turn    f - ring of flight
MPRegen 0.08/turn

%: no passive effects
@: beast-form, flying
A: beast (slay +1), large, unfitting armour, claws 3, regeneration 1, shaggy fur
1, tough skin 1
a: Begin Untransformation


You were on level 2 of the Dungeon.
You were a hulking beast.
You visited 1 branch of the dungeon, and saw 4 of its levels.

You collected 68 gold pieces.

Inventory:

Armour
 a - a +0 animal skin (worn)
Jewellery
 e - a +6 ring of strength (left claw)
 f - a ring of flight (right claw)
Talismans
 c - a beast talisman
 d - a flux talisman
Wands
 k - a wand of flame (20)
Scrolls
 h - a scroll of immolation
 i - a scroll of fear {unknown}
 j - 3 scrolls of vulnerability {unknown}
 l - a scroll of blinking {unknown}
 m - a scroll of teleportation {unknown}
Potions
 b - 3 potions of lignification
 g - a potion of attraction {unknown}


   Skills:
 + Level 1.7 Fighting
 - Level 1.5 Dodging
 * Level 4.1 Unarmed Combat
 + Level 3.4 Shapeshifting


You had 3 spell levels left.
You didn't know any spells.
Your spell library was empty.

Dungeon Overview and Level Annotations

Branches:
Dungeon (4/15)
 Temple: D:4-7

Altars:

Annotations:
D:4 Menkaure


Innate Abilities, Weirdness & Mutations

You are a hulking beast.
Your limbs bulge with bestial killing power. (Slay +1)
You are too large for most types of armour.
You have claws for hands.
Your natural rate of healing is unusually fast.
You are covered in fur. (AC +1)
You have tough skin. (AC +1)


Message History

You kill the hobgoblin!
A worm comes into view.
Natasha casts a spell.
The cerulean imp hits you with a +0 spear.
You miss the cerulean imp.
Natasha stares at you and mumbles some strange words.
You resist with significant effort.
You closely miss the cerulean imp. The cerulean imp barely misses you.
Natasha wildly gestures.
Natasha shimmers violently.
The worm completely misses you. Natasha claws you.
You scratch Natasha but do no damage. The cerulean imp closely misses you.
You barely miss Natasha. Natasha claws you but does no damage.
The cerulean imp hits you but does no damage.
The worm bites you!
You claw Natasha! Your claw misses Natasha.
Natasha is heavily wounded.
Natasha claws you.
The cerulean imp hits you with a +0 spear.
You are too injured to fight recklessly!
You are too injured to fight recklessly!
You are too injured to fight recklessly!
There are monsters nearby!
You scratch Natasha.
Natasha is severely wounded.
Natasha claws you.
* * * LOW HITPOINT WARNING * * *
The cerulean imp closely misses you. The worm barely misses you.
You claw Natasha!
You kill Natasha!
Natasha screams in pain as she dies!
The cerulean imp disappears in a puff of smoke!
The worm bites you.
* * * LOW HITPOINT WARNING * * *
Your Unarmed Combat skill increases to level 4!
You have reached level 4!
You claw the worm!
The worm is severely wounded.
The worm bites you.
You die...

#.#.#
##########.#.##
.......>......#
###.######....#
#. ##.###.#
#.####.## .#
#......## #
#####.......#
.......h§.§.###.
.####..w§......#
#..#†.§..###
#..##.#..# #..
#.#..# #..
.....# ...
#.#.## .##. .#.#
.#.#


You could see a worm.

Vanquished Creatures
  Natasha (D:2)
  An adder (D:2)
  A worm (D:3)
  A dart slug (D:2)
  2 endoplasms (D:1)
  2 giant cockroaches
  2 goblins (D:1)
  3 hobgoblins
  2 jackals (D:1)
  3 kobolds
  5 quokkas
  4 ball pythons
  6 bats
  2 frilled lizards
  3 rats
38 creatures vanquished.

Notes
Turn   | Place    | Note
-------+----------+-------------------------------------------
     0 | D:1      | BigPumpCobain the Troll Shapeshifter began the quest for
                  | the Orb.
     0 | D:1      | Reached XP level 1. HP: 18/18 MP: 0/0
    60 | D:1      | Reached skill level 1 in Fighting
    71 | D:1      | Reached XP level 2. HP: 26/27 MP: 1/1
   550 | D:1      | Found a faded altar of an unknown god.
   840 | D:2      | Reached XP level 3. HP: 33/33 MP: 2/2
   932 | D:2      | Noticed Natasha
   934 | D:2      | You are sucked into a shaft and drop 1 floor!
  1136 | D:4      | Noticed Menkaure
  1217 | D:2      | Killed Natasha
  1217 | D:2      | HP: 1/33 [worm (6)]
  1218 | D:2      | Reached skill level 4 in Unarmed Combat
  1218 | D:2      | Reached XP level 4. HP: 2/42 MP: 3/3
  1219 | D:2      | Slain by a worm

Illustrated notes

Levels and vault maps discovered:
D:1:      heliophobic_arrival_ceremonial_halls, layout_basic,
          hellmonk_ecumenical_altar_blasted
D:2:      layout_loops_ring, basic_altar, kennysheep_potato,
          uniq_crazy_yiuf_cottage, uniq_natasha, uniq_terence
D:3:      layout_loops_corners, amcnicky_altar_gilded, pf_just_have_faith
D:4:      layout_layer_cave, nicolae_gozag_seed_capital,
          mainiacjoe_overflow_cross_hatched, lemuel_coloured_pillars_altar,
          uniq_menkaure

Skill      XL: |  1  2  3 |
---------------+----------+-----
Fighting       | 1 |  1.7
Unarmed Combat | 4 |  4.1
Dodging        | |  1.5
Shapeshifting  | |  3.4

Action                     |  1- 3 |  4- 6 || total
---------------------------+-------+-------++-------
  Melee: Unarmed           |    78 |     1 ||    79
         Punch             |     1 |       ||     1
 Armour: Animal skin       |    64 |     1 ||    65
  Dodge: Dodged            |    41 |       ||    41

Table legend: (Time is in decaauts)
 A = Elapsed time spent in this place.
 B = Non-inter-level travel time spent in this place.
 C = Inter-level travel time spent in this place.
 D = Time resting spent in this place.
 E = Time spent auto-exploring this place.
 F = Levels seen in this place.
 G = Mean time per level.
                   A        B        C        D        E       F      G
               +--------+--------+--------+--------+--------+-----+--------+
         Total |   1212 |   1065 |    147 |      0 |    883 |   4 |  303.0 |
       Dungeon |   1212 |   1065 |    147 |      0 |    883 |   4 |  303.0 |
               +--------+--------+--------+--------+--------+-----+--------+

Top non-repeatable levels by time:
     D:1: 788 daAuts
     D:3: 263 daAuts
     D:2: 159 daAuts
     D:4: 1 daAuts
